 Dungeon Crawl Stone Soup version 0.26-a0-682-g294304f6e8 (webtiles) character file.

Game seed: 12075920858151005880

53 Frask the Slasher (level 3, -1/29 HPs)
             Began as a Demonspawn Monk on Oct 20, 2020.
             Slain by a goblin
             ... wielding a +0 club
             ... led by Robin
              (4 damage)
             ... on level 2 of the Dungeon.
             The game lasted 00:05:17 (925 turns).

Frask the Slasher (Demonspawn Monk)                  Turns: 925, Time: 00:05:17

Health: -1/29      AC:  6    Str: 12    XL:     3   Next: 64%
Magic:  3/3        EV: 10    Int: 11    God:
Gold:   53         SH:  0    Dex: 15    Spells: 2/2 levels left

rFire    . . .     SeeInvis .   a - +0 falchion
rCold    . . .     Faith    .   (no shield)
rNeg     . . .     Spirit   .   b - +0 scale mail
rPois    .         Reflect  .   (no helmet)
rElec    .         Harm     .   (no cloak)
rCorr    .         Rampage  .   (no gloves)
MR       .....                  (no boots)
Stlth    +.........             d - amulet of the acrobat
HPRegen  0.09/turn              (no ring)
MPRegen  0.08/turn              (no ring)

@: no status effects
A: claws 1, powered by death 1
a: no special abilities


You were on level 2 of the Dungeon.
You visited 1 branch of the dungeon, and saw 2 of its levels.

You collected 53 gold pieces.

Inventory:

Hand Weapons
 a - a +0 falchion (weapon)
 g - a +2 short sword of protection
Armour
 b - a +0 scale mail (worn)
Jewellery
 d - an amulet of the acrobat (around neck)
Potions
 c - a potion of lignification {unknown}
 e - 3 potions of curing {unknown}


   Skills:
 - Level 3.0 Fighting
 * Level 3.8 Long Blades
 * Level 0.8 Armour
 - Level 3.0 Dodging
 - Level 2.0 Stealth


You had 2 spell levels left.
You didn't know any spells.
Your spell library was empty.

Dungeon Overview and Level Annotations

Branches:
Dungeon (2/15)

Altars:

Annotations:
D:2 Robin


Innate Abilities, Weirdness & Mutations

You have sharp fingernails.
You regenerate a little health from kills.


Message History

* * * LOW HITPOINT WARNING * * *
You hit Robin.
Robin is heavily wounded.
A hobgoblin comes into view. It is wielding a +0 club.
The goblin barely misses you.
You barely miss Robin.
Robin is heavily wounded.
The goblin closely misses you.
You riposte.
You hit the goblin but do no damage. Robin hits you with a +0 club.
* * * LOW HITPOINT WARNING * * *
You hit Robin but do no damage.
Robin is heavily wounded.
The goblin barely misses you.
You riposte.
You hit the goblin.
You kill the goblin!
Robin hits you but does no damage.
You barely miss Robin.
Robin is heavily wounded.
The hobgoblin no longer looks unusually strong.
Robin throws the goblin at you! The goblin hits you with a +0 club.
You die...

... #### ..
..... .. .g...
. ...... .#
......###.#####
..gg..gg.......
......#g#######
##### #@# #g#
#.# #####<#
#....(#
##.##### ####
##..# ####>.###
#..## #.......#
#<##########
#.#####.#


You could see Robin (strong), 2 hobgoblins and a goblin (strong).

Vanquished Creatures
  2 oozes (D:1)
  2 dart slugs
  A leopard gecko (D:2)
  7 bats
  2 giant cockroaches (D:2)
  A hobgoblin (D:1)
  A kobold (D:1)
  A quokka (D:2)
  3 frilled lizards (D:1)
  13 goblins
  3 rats (D:1)
36 creatures vanquished.

Notes
Turn   | Place    | Note
-------+----------+-------------------------------------------
     0 | D:1      | Frask the Demonspawn Monk began the quest for the Orb.
     0 | D:1      | Reached XP level 1. HP: 18/18 MP: 1/1
   141 | D:1      | Gained mutation: You have sharp fingernails. [demonic
                  | ancestry]
   141 | D:1      | Reached XP level 2. HP: 22/24 MP: 2/2
   609 | D:1      | Gained mutation: You regenerate a little health from kills.
                  | [demonic ancestry]
   609 | D:1      | Reached XP level 3. HP: 29/29 MP: 3/3
   791 | D:2      | Found a faded altar of an unknown god.
   905 | D:2      | Noticed Robin
   925 | D:2      | Slain by a goblin

Illustrated notes

Levels and vault maps discovered:
D:1:      scummos_arrival_hexagon, layout_rooms
D:2:      layout_rooms, lemuel_round_altar, lightli_temple_of_fire,
          chequers_ecumenical_altar_twisty, uniq_robin

Skill      XL: |  1  2 |
---------------+-------+-----
Dodging        | 3 |  3.0
Long Blades    | 3 |  3.8
Stealth        | 2 |  2.0
Fighting       | |  3.0
Armour         | |  0.8

Action                   || total
-------------------------++-------
Melee: Falchion          ||   117
  Use: Scroll            ||     2
Armor: Scale mail        ||    59
Dodge: Dodged            ||    82
       Rpst.: Falchion   ||    22

Table legend: (Time is in decaauts)
 A = Elapsed time spent in this place.
 B = Non-inter-level travel time spent in this place.
 C = Inter-level travel time spent in this place.
 D = Time resting spent in this place.
 E = Time spent auto-exploring this place.
 F = Levels seen in this place.
 G = Mean time per level.
                   A        B        C        D        E       F      G
               +--------+--------+--------+--------+--------+-----+--------+
         Total |    940 |    923 |     17 |      2 |    636 |   2 |  470.0 |
       Dungeon |    940 |    923 |     17 |      2 |    636 |   2 |  470.0 |
               +--------+--------+--------+--------+--------+-----+--------+

Top non-repeatable levels by time:
     D:1: 704 daAuts
     D:2: 236 daAuts
